 Dungeon Crawl Stone Soup version 0.17.0-9-g801d43b (console) character file.

1483 Kloppie the Chucker (level 8, -4/57 HPs)
             Began as a High Elf Assassin on Nov 10, 2015.
             Was an Initiate of Okawaru.
             Slain by an orc warrior
             ... wielding a +0 morningstar
              (8 damage)
             ... on level 6 of the Dungeon.
             The game lasted 00:17:24 (5405 turns).

Kloppie the Chucker (High Elf Assassin)             Turns: 5405, Time: 00:17:24

Health: -4/57      AC:  5    Str: 17    XL:     8   Next: 50%
Magic:  9/9        EV: 12    Int: 19    God:    Okawaru [......]
Gold:   385        SH:  0    Dex: 18    Spells: 0 memorised, 7 levels left

rFire  + . .     SeeInvis .     y - +10 hand axe {chop, MR- Str+6 Int+4}
rCold  . . .     Clarity  .     u - +0 leather armour {rF+}
rNeg   . . .     SustAt   .     (no shield)
rPois  .         Gourm    .     (no helmet)
rElec  .         Spirit   .     d - +1 cloak
rCorr  .         Warding  .     (no gloves)
rMut   .         Rnd*Tele +     (no boots)
MR     .....                    (no amulet)
Stlth  +++.......               (no ring)
                                E - ring of teleportation (curse)

@: not resistant to hostile enchantments, fairly stealthy
A: no striking features
a: Renounce Religion, Evoke Teleportation


You were on level 6 of the Dungeon.
You worshipped Okawaru.
Okawaru was noncommittal.
You were not hungry.

You visited 2 branches of the dungeon, and saw 9 of its levels.

You collected 385 gold pieces.

Inventory:

Hand Weapons
 a - a +2 dagger
 b - a +0 blowgun
 c - a +1 short sword
 y - the +10 hand axe of Omatuteu (weapon) {chop, MR- Str+6 Int+4}
   (You found it on level 4 of the Dungeon)

   It inflicts extra damage upon your enemies.
   It affects your strength (+6).
   It affects your intelligence (+4).
   It affects your resistance to hostile enchantments.
Missiles
 e - 17 poisoned needles
Armour
 d - a +1 cloak (worn)
 u - a +0 leather armour of fire resistance (worn)
Magical Staves
 w - an uncursed staff of fire {unknown}
 x - an uncursed staff of conjuration {unknown}
Jewellery
 E - a cursed ring of teleportation (left hand)
Wands
 n - a wand of flame (19)
 t - a wand of lightning (0)
Scrolls
 i - a scroll of enchant armour
 j - 2 scrolls of noise
 m - a scroll of immolation
 v - a scroll of recharging
 G - a scroll of enchant weapon
Potions
 l - 2 potions of curing
 s - 2 potions of ambrosia
 z - a potion of lignification
 B - a potion of brilliance
 D - a potion of heal wounds {unknown}
Comestibles
 f - 2 chunks of flesh
 g - 4 bread rations
 h - 6 meat rations
 o - a beef jerky
 p - a royal jelly


   Skills:
 + Level 5.7 Fighting
 - Level 6.2 Short Blades
 + Level 7.0 Throwing
 - Level 2.0 Dodging
 - Level 6.1 Stealth


You had 7 spell levels left.
You didn't know any spells.

Dungeon Overview and Level Annotations

Branches:
Dungeon (8/15)             Temple (1/1) D:6
   Lair: D:8-11

Altars:
Ashenzari
Cheibriados
Gozag
Okawaru
Ru
Trog
Vehumet
Yredelemnul

Annotations:
D:6 Menkaure
D:7 Joseph, Pikel
D:8 Maurice


Message History

* * * LOW HITPOINT WARNING * * *
You hit the orc warrior but do no damage.
You hit the gnoll.
The gnoll is severely wounded.
The gnoll hits you with a club.
* * * LOW HITPOINT WARNING * * *
The gnoll sergeant hits you from afar with a spear.
* * * LOW HITPOINT WARNING * * *
The gnoll hits you with a club.
* * * LOW HITPOINT WARNING * * *
The orc warrior barely misses you.
You slash the orc warrior!
The orc warrior is heavily wounded.
You hit the gnoll.
You kill the gnoll!
Okawaru accepts your kill.
The gnoll sergeant hits you from afar with a spear.
* * * LOW HITPOINT WARNING * * *
The orc warrior hits you with a morningstar!
You die...

.#.o###.#....####
.#.o............####
...>###.......o.....
##..###.........##
#........o.oo.oo#
##..####.#..o###o#
....# #...# #o#
..... #..## #o#
?##.# #..# #@# .##.#
####


#).ggggg. ....# ######### ##### You could see an orc warrior, a gnoll sergeant,
4 gnolls and 4 orcs.

Vanquished Creatures
  The ghost of Kloppie the Sneak, an amateur HEAs (D:5)
  An orc warrior (D:3)
  2 centaurs
  2 sky beasts (D:6)
  2 ogres
  A crocodile (D:7)
  2 crimson imps
  An orc priest (D:4)
  A giant frog zombie (D:7)
  3 hounds
  2 jellies
  A giant frog skeleton (D:6)
  2 orc wizards
  Terence (D:3)
  3 worker ants
  4 adders
  5 gnolls (D:6)
  3 oozes
  2 adder skeletons
  An adder zombie (D:5)
  3 worms
  6 giant geckos
  18 orcs
  3 ball pythons
  8 giant cockroaches
  8 goblins
  10 hobgoblins
  2 jackals (D:4)
  A quokka (D:3)
  A ball python skeleton (D:4)
  13 bats
  A giant gecko skeleton (D:5)
  A giant gecko zombie (D:7)
  6 giant newts
  5 kobolds
  7 rats
133 creatures vanquished.

Notes
Turn   | Place    | Note
--------------------------------------------------------------
     0 | D:1      | Kloppie the High Elf Assassin began the quest for the Orb.
     0 | D:1      | Reached XP level 1. HP: 14/14 MP: 2/2
    92 | D:1      | Reached XP level 2. HP: 17/19 MP: 3/3
   325 | D:1      | Reached skill level 5 in Stealth
   561 | D:1      | Reached XP level 3. HP: 24/24 MP: 4/4
  1314 | D:2      | Reached XP level 4. HP: 29/29 MP: 5/5
  1857 | D:3      | Noticed Terence
  1864 | D:3      | Killed Terence
  1944 | D:3      | Reached skill level 6 in Stealth
  2020 | D:3      | Found a shattered altar of Ashenzari.
  2033 | D:3      | Found a bloodstained altar of Trog.
  2052 | D:3      | Noticed an orc warrior
  2288 | D:3      | Killed an orc warrior
  2288 | D:3      | Reached XP level 5. HP: 34/34 MP: 6/6
  2608 | D:4      | Got an ebony hand axe
  2633 | D:3      | Identified the +10 hand axe of Omatuteu {chop, MR- Str+6 Int+4} (You found it on level 4 of the Dungeon)
  2674 | D:4      | Found an opulent altar of Gozag.
  2727 | D:4      | Reached skill level 5 in Short Blades
  2748 | D:4      | Noticed an ogre
  2760 | D:4      | Killed an ogre
  2760 | D:4      | Reached XP level 6. HP: 39/39 MP: 7/7
  2965 | D:4      | Found a radiant altar of Vehumet.
  3062 | D:5      | Entered Level 5 of the Dungeon
  3178 | D:5      | Reached XP level 7. HP: 10/45 MP: 8/8
  3452 | D:5      | Noticed Kloppie's ghost (amateur HEAs)
  3466 | D:5      | Killed Kloppie's ghost
  3523 | D:5      | Reached skill level 5 in Throwing
  3991 | D:6      | Found an opulent altar of Gozag.
  4112 | D:6      | Reached XP level 8. HP: 30/54 MP: 9/9
  4157 | D:6      | Noticed Menkaure
  4357 | D:6      | Found a runed door.
  4394 | D:7      | Noticed Joseph
  4410 | D:7      | Noticed Pikel
  4889 | D:8      | Reached skill level 5 in Fighting
  4999 | D:8      | Noticed Maurice
  5074 | D:6      | Found a staircase to the Ecumenical Temple.
  5088 | Temple   | Entered the Ecumenical Temple
  5142 | Temple   | Became a worshipper of Warmaster Okawaru
  5402 | D:6      | Reached skill level 7 in Throwing
  5405 | D:6      | Slain by an orc warrior

Action                   |  1- 3 |  4- 6 |  7- 9 || total
-------------------------+-------+-------+-------++-------
Melee: Dagger            |    42 |    20 |       ||    62
       Short sword       |    60 |   108 |       ||   168
       Hand axe          |       |    30 |   100 ||   130
 Fire: Blowgun           |    14 |    12 |     1 ||    27
Evoke: Wand              |       |       |     2 ||     2
  Use: Scroll            |       |     9 |     7 ||    16
       Potion            |       |     1 |     3 ||     4
 Stab: Sleeping          |     9 |    14 |    12 ||    35
       Distracted        |       |       |     1 ||     1
  Eat: Chunk             |     1 |     6 |     7 ||    14
